[Event "Marshall CC Premier 04-2025"]
[Site "New York"]
[Date "2025.04.06"]
[Round "4.1"]
[White "Dong, Kyle Qiyu"]
[Black "Hoffman, Luc"]
[Result "1/2-1/2"]
[Annotator "RC"]
[ECO "A50"]
[WhiteElo "2006"]
[BlackElo "2211"]
[PlyCount "42"]
[EventDate "2025.01.03"]
[EventType "swiss"]
[EventCountry "USA"]
[SourceTitle "playchess.com"]
[Source "ChessBase"]
[SourceQuality "1"]
[TimeControl "5400+30"]

1. c4 b6 2. d4 Bb7 3. Nc3 e6 4. a3 Nf6 5. d5 Bd6 6. Nf3 exd5 7. cxd5 O-O 8. g3 Na6 9. b4 c5 10. dxc6 dxc6 11. Bg2 c5 12. b5 Nc7 13. Qb3 Nfd5 14. Bb2 Qe7 15. O-O Nxc3 16. Qxc3 f6 17. Rfe1 Kh8 18. a4 Be4 19. Qc4 Rad8 20. Rad1 Qe6 21. Nd2 Bf5 1/2-1/2

[Event "Marshall CC Premier 04-2025"]
[Site "New York"]
[Date "2025.04.06"]
[Round "4.2"]
[White "Muthukumar, Haari"]
[Black "Stancil, Kimani"]
[Result "1-0"]
[Annotator "RC"]
[ECO "B72"]
[WhiteElo "2197"]
[BlackElo "1919"]
[PlyCount "227"]
[EventDate "2025.01.03"]
[EventType "swiss"]
[EventCountry "USA"]
[SourceTitle "playchess.com"]
[Source "ChessBase"]
[SourceQuality "1"]
[TimeControl "5400+30"]

1. e4 c5 2. Nf3 d6 3. d4 cxd4 4. Nxd4 Nf6 5. Nc3 g6 6. Be3 a6 7. f3 h5 8. Qd2 Nbd7 9. Bc4 Bg7 10. h3 h4 11. a4 Rh5 12. Be2 Qc7 13. f4 Rc5 14. Bf3 Nb6 15. Nb3 Nc4 16. Qf2 Nxe3 17. Qxe3 Rxc3 18. bxc3 Nh5 19. O-O-O Ng3 20. Rhg1 Bd7 21. e5 dxe5 22. fxe5 Bxe5 23. Kb1 Nf5 24. Qc5 Rc8 25. Qxc7 Rxc7 26. a5 Bxc3 27. Rd5 Be6 28. Rd3 Nd6 29. Nd4 Bd7 30. Bg4 f5 31. Bf3 Ne4 32. Nb3 Be6 33. Rgd1 Nd6 34. Re3 Kf7 35. Nd4 Bd7 36. Bd5+ Kf6 37. Ne6 Bxe6 38. Rxe6+ Kg5 39. Rd3 f4 40. Bf3 Nf5 41. Rd5 Bf6 42. Be2 Kh6 43. Bd3 Ne3 44. Rd8 Kg7 45. Be4 Rc4 46. Bf3 Ra4 47. Rxf6 Kxf6 48. Rf8+ Kg7 49. Re8 Kf7 50. Rh8 Rxa5 51. Rxh4 g5 52. Rh7+ Kf6 53. Rh6+ Ke5 54. Rg6 Kd4 55. Re6 Nd5 56. Re4+ Kc3 57. Re5 Rb5+ 58. Kc1 Ne3 59. Rxe7 b6 60. Rd7 Nxc2 61. Be2 Re5 62. Rd3+ Kb4 63. Rd2 Na3 64. Bxa6 b5 65. Rf2 Re3 66. Kd1 Re4 67. Rf3 Nc4 68. g3 Ne3+ 69. Kc1 fxg3 70. Rxg3 Rc4+ 71. Kb1 g4 72. Rxe3 gxh3 73. Rxh3 Rc5 74. Bb7 Rc3 75. Rh4+ Rc4 76. Rh2 Rc7 77. Be4 Rc4 78. Bc2 Rf4 79. Kb2 Kc5 80. Bd3 Rd4 81. Kc3 b4+ 82. Kc2 Rd5 83. Rh4 Rd4 84. Rh8 Rd6 85. Ra8 Rb6 86. Kb3 Kd4 87. Bc4 Kc5 88. Ra5+ Kc6 89. Rh5 Kd6 90. Bb5 Rb8 91. Kxb4 Rb7 92. Kc4 Rg7 93. Rh6+ Ke5 94. Kc5 Rg1 95. Rh8 Rc1+ 96. Bc4 Rd1 97. Re8+ Kf5 98. Bd5 Kf4 99. Kd6 Ra1 100. Rf8+ Ke3 101. Ke5 Ra4 102. Rh8 Rg4 103. Rh3+ Kf2 104. Be4 Rg8 105. Kf4 Rf8+ 106. Bf5 Rg8 107. Ra3 Re8 108. Rb3 Re7 109. Rc3 Re8 110. Rc7 Re1 111. Bg4 Rf1 112. Rc2+ Kg1+ 113. Kg3 Ra1 114. Bf3 1-0

[Event "Marshall CC Premier 04-2025"]
[Site "New York"]
[Date "2025.04.06"]
[Round "4.3"]
[White "Chen, Derek Li"]
[Black "Hebbar, Eshaan"]
[Result "0-1"]
[Annotator "RC"]
[ECO "B08"]
[WhiteElo "1980"]
[BlackElo "2175"]
[PlyCount "88"]
[EventDate "2025.01.03"]
[EventType "swiss"]
[EventCountry "USA"]
[SourceTitle "playchess.com"]
[Source "ChessBase"]
[SourceQuality "1"]
[TimeControl "5400+30"]

1. e4 d6 2. d4 Nf6 3. Nc3 g6 4. Be3 c6 5. h3 Bg7 6. Qd2 Nbd7 7. Nf3 O-O 8. Bh6 e5 9. O-O-O Qe7 10. Bxg7 Kxg7 11. g4 Re8 12. dxe5 dxe5 13. Be2 Nc5 14. Qe3 b5 15. Nd2 b4 16. Ncb1 Be6 17. g5 Nh5 18. Bxh5 gxh5 19. b3 a5 20. Nf1 h4 21. Nh2 a4 22. Ng4 axb3 23. axb3 Bxg4 24. hxg4 Ne6 25. Rxh4 Qxg5 26. Rh5 Qxe3+ 27. fxe3 Nc5 28. Rdh1 Nxe4 29. Rxh7+ Kf8 30. Rf1 Nd6 31. Rf6 Ke7 32. Rhh6 Red8 33. Kb2 c5 34. g5 Ra6 35. Rh7 Rda8 36. Rf1 Ra2+ 37. Kc1 Rg8 38. Rg1 Rg6 39. Rh6 c4 40. Rxg6 fxg6 41. Rg4 Ke6 42. bxc4 Kf5 43. Rg3 Nxc4 44. c3 b3 0-1

[Event "Marshall CC Premier 04-2025"]
[Site "New York"]
[Date "2025.04.06"]
[Round "4.4"]
[White "Schaefer, Sasha Milo"]
[Black "Knowles, Chase"]
[Result "1/2-1/2"]
[Annotator "RC"]
[ECO "C11"]
[WhiteElo "2050"]
[BlackElo "1968"]
[PlyCount "117"]
[EventDate "2025.01.03"]
[EventType "swiss"]
[EventCountry "USA"]
[SourceTitle "playchess.com"]
[Source "ChessBase"]
[SourceQuality "1"]
[TimeControl "5400+30"]

1. e4 e6 2. d4 d5 3. Nc3 Nf6 4. e5 Nfd7 5. f4 c5 6. Nf3 Nc6 7. Be3 cxd4 8. Nxd4 Qb6 9. Qd2 Qxb2 10. Rb1 Qa3 11. Rb3 Qa5 12. Bb5 Qc7 13. O-O a6 14. Be2 Nxd4 15. Bxd4 Bc5 16. Na4 Bxd4+ 17. Qxd4 b5 18. Rc3 Qa5 19. Nc5 b4 20. Nb3 Qb6 21. Qxb6 Nxb6 22. Rc6 Na4 23. a3 bxa3 24. Ra1 Bd7 25. Rxa6 Rxa6 26. Bxa6 O-O 27. Rxa3 g6 28. Nd4 Rb8 29. Rb3 Rb6 30. Rxb6 Nxb6 31. Kf2 Kf8 32. Ke3 Ke7 33. Kd2 Na4 34. Nb3 Kd8 35. Kd3 Kc7 36. Kd4 Kb6 37. Bd3 Bb5 38. g4 Bxd3 39. cxd3 Kc6 40. Nd2 Nb2 41. Nf3 h6 42. Ke3 Kd7 43. Kd2 Ke7 44. Nd4 f6 45. Nc6+ Kf7 46. h4 f5 47. g5 h5 48. Nd8+ Ke7 49. Nb7 Na4 50. Kc2 Nb6 51. Kc3 d4+ 52. Kxd4 Nd5 53. Nc5 Nxf4 54. Ke3 Nd5+ 55. Kd4 Nb4 56. Kc3 Nd5+ 57. Kd4 Nb6 58. Nb7 Nd5 59. Nd6 1/2-1/2

[Event "Marshall CC Premier 04-2025"]
[Site "New York"]
[Date "2025.04.06"]
[Round "4.5"]
[White "Belenky, Nicholas"]
[Black "Saxena, Vihaan"]
[Result "1/2-1/2"]
[Annotator "RC"]
[ECO "C95"]
[WhiteElo "1958"]
[BlackElo "1913"]
[PlyCount "146"]
[EventDate "2025.01.03"]
[EventType "swiss"]
[EventCountry "USA"]
[SourceTitle "playchess.com"]
[Source "ChessBase"]
[SourceQuality "1"]
[TimeControl "5400+30"]

1. e4 e5 2. Nf3 Nc6 3. Bb5 a6 4. Ba4 Nf6 5. O-O b5 6. Bb3 Be7 7. Re1 d6 8. c3 O-O 9. h3 Nb8 10. d4 Nbd7 11. Nbd2 Bb7 12. Bc2 Re8 13. Nf1 Bf8 14. Ng3 g6 15. Bg5 h6 16. Bd2 Bg7 17. b3 c5 18. d5 Qc7 19. a4 Rec8 20. Qe2 b4 21. a5 bxc3 22. Bxc3 Rcb8 23. Nd2 Bc8 24. Nc4 Rb7 25. Rf1 Ne8 26. Qd2 Kh7 27. Ne2 Rab8 28. f3 Qd8 29. Rf2 Qg5 30. Qd3 Qe7 31. Raf1 Nc7 32. f4 Nb5 33. Bd2 f6 34. Qg3 Qe8 35. Qh4 exf4 36. Qxf4 Ne5 37. Qe3 Rf7 38. Nb6 Qe7 39. b4 Qf8 40. Ba4 Rc7 41. Rc1 Bd7 42. Nf4 c4 43. Nxd7 Rxd7 44. Ne6 Qe7 45. Rcf1 g5 46. Bc3 Bh8 47. Bxe5 dxe5 48. Nc5 Rd6 49. Rc1 Nd4 50. Rxc4 Bg7 51. Nd3 Qd8 52. Qc1 f5 53. exf5 Rxd5 54. Rc7 Qf6 55. Qc4 e4 56. Qxd5 exd3 57. Rf7 Ne2+ 58. Rxe2 dxe2 59. Kf2 e1=Q+ 60. Kxe1 Qc3+ 61. Qd2 Qa1+ 62. Qd1 Qc3+ 63. Qd2 Qe5+ 64. Kf2 Rf8 65. Rxf8 Bxf8 66. Bc2 Qf6 67. Be4 Qe7 68. Qd5 Qxb4 69. f6+ Kh8 70. f7 Qc5+ 71. Kf3 Qxd5 72. Bxd5 Kg7 73. Kg4 Bb4 1/2-1/2

[Event "Marshall CC Premier 04-2025"]
[Site "New York"]
[Date "2025.04.06"]
[Round "4.6"]
[White "Marsh, James J"]
[Black "Shankar, Pranav"]
[Result "1/2-1/2"]
[Annotator "RC"]
[ECO "D38"]
[WhiteElo "2058"]
[BlackElo "1966"]
[PlyCount "116"]
[EventDate "2025.01.03"]
[EventType "swiss"]
[EventCountry "USA"]
[SourceTitle "playchess.com"]
[Source "ChessBase"]
[SourceQuality "1"]
[TimeControl "5400+30"]

1. d4 Nf6 2. c4 e6 3. Nf3 d5 4. Nc3 Bb4 5. Qa4+ Nc6 6. a3 Bxc3+ 7. bxc3 Bd7 8. cxd5 exd5 9. Bg5 O-O 10. e3 h6 11. Bh4 Ne5 12. Qb3 Nxf3+ 13. gxf3 c5 14. Be2 Qb6 15. Rb1 cxd4 16. cxd4 Rfc8 17. O-O Qxb3 18. Rxb3 g5 19. Bg3 b6 20. Ba6 Rc2 21. Bb7 Re8 22. Be5 Bc6 23. Ba6 Nd7 24. Bd3 Nxe5 25. Bxc2 Nxf3+ 26. Kg2 Nd2 27. Rc3 Nxf1 28. Rxc6 Nd2 29. Rc7 a5 30. a4 Nc4 31. Bb3 Rb8 32. Rd7 Rc8 33. Rxd5 Nd2 34. Ba2 Kf8 35. Rd7 Nc4 36. Kf3 f5 37. Rb7 Nd2+ 38. Kg2 Nc4 39. Bxc4 Rxc4 40. Rxb6 Rxa4 41. Rxh6 Kf7 42. Ra6 Ra1 43. h3 a4 44. Kg3 a3 45. Kg2 Ra2 46. Kf3 Ra1 47. Kg3 a2 48. Kg2 Ke7 49. Kh2 Kf7 50. Kg2 Ke7 51. f3 Re1 52. Rxa2 Rxe3 53. Ra7+ Ke6 54. d5+ Kxd5 55. Rg7 Ke5 56. Rxg5 Kf4 57. Rh5 Re2+ 58. Kf1 Ra2 1/2-1/2

[Event "Marshall CC Premier 04-2025"]
[Site "New York"]
[Date "2025.04.06"]
[Round "4.7"]
[White "Le, Quan Anh"]
[Black "Cheung, Kyle"]
[Result "1/2-1/2"]
[Annotator "RC"]
[ECO "B12"]
[WhiteElo "2111"]
[BlackElo "1934"]
[PlyCount "88"]
[EventDate "2025.01.03"]
[EventType "swiss"]
[EventCountry "USA"]
[SourceTitle "playchess.com"]
[Source "ChessBase"]
[SourceQuality "1"]
[TimeControl "5400+30"]

1. e4 c6 2. d4 d5 3. f3 e6 4. Nc3 Bb4 5. Qd3 Ne7 6. Be3 b6 7. O-O-O Ba6 8. Qd2 Bb5 9. Be2 Bxe2 10. Re1 Bf1 11. Rxf1 Nd7 12. e5 c5 13. Nge2 Rc8 14. g4 Nc6 15. f4 cxd4 16. Bxd4 Qc7 17. Rf3 Nc5 18. Qe3 Bxc3 19. Nxc3 Nxd4 20. Qxd4 O-O 21. Kb1 Ne4 22. Re1 Qc5 23. Qd1 Nxc3+ 24. Rxc3 Qb4 25. Rf3 Rc4 26. c3 Qc5 27. Qd3 Rc8 28. Rh3 g6 29. Qg3 Re4 30. Rxe4 dxe4 31. Qe1 Rd8 32. Kc2 Qc4 33. b3 Qa6 34. a4 Rd3 35. Re3 Rxe3 36. Qxe3 Qf1 37. Qxe4 Qf2+ 38. Kd3 Qf1+ 39. Kd2 Qf2+ 40. Kd3 Qf1+ 41. Kd4 Qd1+ 42. Kc4 Qf1+ 43. Kd4 Qd1+ 44. Kc4 Qf1+ 1/2-1/2

[Event "Marshall CC Premier 04-2025"]
[Site "New York"]
[Date "2025.04.06"]
[Round "4.8"]
[White "Kurup, Siddharth"]
[Black "Smith, Daniel"]
[Result "1/2-1/2"]
[Annotator "RC"]
[ECO "E40"]
[WhiteElo "1965"]
[BlackElo "2006"]
[PlyCount "57"]
[EventDate "2025.01.03"]
[EventType "swiss"]
[EventCountry "USA"]
[SourceTitle "playchess.com"]
[Source "ChessBase"]
[SourceQuality "1"]
[TimeControl "5400+30"]

1. d4 Nf6 2. c4 Nc6 3. Nf3 e6 4. Nc3 Bb4 5. e3 Qe7 6. Be2 O-O 7. Qc2 d6 8. a3 Bxc3+ 9. Qxc3 a5 10. b3 Ne4 11. Qc2 f5 12. O-O Bd7 13. Bb2 Rae8 14. Nd2 Nf6 15. e4 fxe4 16. Nxe4 e5 17. Nxf6+ Rxf6 18. dxe5 dxe5 19. Rad1 Ref8 20. Qd2 Nd4 21. Qe3 Nxe2+ 22. Qxe2 Rf5 23. Qe3 Bc6 24. f3 Qg5 25. Qxg5 Rxg5 26. Rd3 e4 27. fxe4 Bxe4 28. Rxf8+ Kxf8 29. Rd2 1/2-1/2

[Event "Marshall CC Premier 04-2025"]
[Site "New York"]
[Date "2025.04.06"]
[Round "4.9"]
[White "Li, Mason J"]
[Black "Shen, Leo Xiaohang"]
[Result "0-1"]
[Annotator "RC"]
[ECO "B12"]
[WhiteElo "1823"]
[BlackElo "1998"]
[PlyCount "126"]
[EventDate "2025.01.03"]
[EventType "swiss"]
[EventCountry "USA"]
[SourceTitle "playchess.com"]
[Source "ChessBase"]
[SourceQuality "1"]
[TimeControl "5400+30"]

1. e4 c6 2. d4 d5 3. e5 Bf5 4. Nd2 e6 5. Nb3 Nd7 6. Nf3 Bg6 7. Be2 Ne7 8. Bd2 Nf5 9. O-O Be7 10. g4 Nh4 11. Nxh4 Bxh4 12. f4 Be4 13. Bf3 Bxf3 14. Qxf3 Be7 15. Kh1 O-O 16. f5 b6 17. f6 gxf6 18. Bh6 fxe5 19. dxe5 Nxe5 20. Qc3 Bf6 21. g5 Bh8 22. Bxf8 Kxf8 23. Qb4+ c5 24. Qh4 Kg8 25. Nd2 Ng6 26. Qf2 Qd7 27. c3 Re8 28. Rad1 Qb7 29. Qg2 b5 30. Nb3 Rc8 31. Qf2 Qe7 32. h4 Ne5 33. Rg1 Qc7 34. h5 a5 35. Rdf1 a4 36. Nd2 Qb7 37. Qg2 Rc7 38. Nf3 d4 39. cxd4 Nxf3 40. Rxf3 cxd4 41. g6 hxg6 42. hxg6 f5 43. Re1 Qd5 44. Rf2 Qxg2+ 45. Kxg2 Rc6 46. Kg3 Bf6 47. Rfe2 e5 48. Rf1 Kg7 49. Rxf5 Kxg6 50. Rf1 d3 51. Re3 d2 52. Rd1 Rc2 53. Re2 Bg5 54. Rxe5 Rxb2 55. Kf2 b4 56. Rb5 Bf6 57. Ke2 Bc3 58. a3 bxa3 59. Rc5 Bb4 60. Rd5 a2 61. Rg1+ Kf6 62. Ke3 Rb1 63. Rgg5 a1=Q 0-1

[Event "Marshall CC Premier 04-2025"]
[Site "New York"]
[Date "2025.04.06"]
[Round "4.10"]
[White "Kozower, Ethan"]
[Black "Marzouq, Chowdhury"]
[Result "0-1"]
[Annotator "RC"]
[ECO "A11"]
[WhiteElo "1995"]
[BlackElo "1983"]
[PlyCount "158"]
[EventDate "2025.01.03"]
[EventType "swiss"]
[EventCountry "USA"]
[SourceTitle "playchess.com"]
[Source "ChessBase"]
[SourceQuality "1"]
[TimeControl "5400+30"]

1. c4 c6 2. Nf3 Nf6 3. Nc3 d5 4. e3 e6 5. b3 Nbd7 6. Bb2 Bd6 7. Be2 e5 8. cxd5 cxd5 9. Nb5 Bb8 10. Ba3 Nb6 11. d4 a6 12. Nc3 e4 13. Nd2 Be6 14. Rc1 Bd6 15. Bxd6 Qxd6 16. f3 exf3 17. Nxf3 O-O 18. O-O Rfe8 19. Ne5 Nbd7 20. Nd3 Re7 21. Nf2 Bf5 22. Bd3 Bxd3 23. Qxd3 Rae8 24. Rce1 Nf8 25. e4 dxe4 26. Ncxe4 Nxe4 27. Rxe4 Ne6 28. Ng4 Rd8 29. Qe3 Rc7 30. Rd1 h6 31. Ne5 Ng5 32. Nc4 Qd7 33. Rf4 Re8 34. Qd2 Qd5 35. h4 Ne6 36. Ne3 Qh5 37. Re4 Rd8 38. Qf2 Qb5 39. Re5 Qc6 40. d5 Qc3 41. Qg3 Rc5 42. b4 Qxb4 43. Nf5 Qf4 44. Qxf4 Nxf4 45. g3 Ng6 46. Ne7+ Nxe7 47. Rxe7 Rdxd5 48. Rf1 Rf5 49. Rxf5 Rxf5 50. Rxb7 Rb5 51. Rd7 Rb1+ 52. Kf2 Rb2+ 53. Kf3 Rxa2 54. g4 a5 55. g5 hxg5 56. hxg5 a4 57. Rd6 a3 58. g6 fxg6 59. Rxg6 Ra1 60. Ra6 Kh7 61. Kg3 g6 62. Kf3 Kh6 63. Ra5 g5 64. Kg3 Kh5 65. Kh3 Kg6 66. Kg3 Kf6 67. Kh2 g4 68. Kg2 Ke6 69. Kf2 Kd6 70. Rg5 Ra2+ 71. Kg3 Rb2 72. Rxg4 a2 73. Ra4 Kc5 74. Kf3 Kb5 75. Ra8 Kb4 76. Ke3 Kc3 77. Rc8+ Kb3 78. Rb8+ Kc2 79. Ra8 Kb1 0-1